 Dungeon Crawl Stone Soup version 0.31-a0-516-gfcb59812bd (webtiles) character file.

Game seed: 16387478460305493329

9 GordonOverkill the Sneak (level 2, 0/16 HPs)
             Began as a Vine Stalker Delver on Aug 10, 2023.
             Slain by an adder (2 damage)
             ... on level 6 of the Dungeon.
             The game lasted 00:00:26 (132 turns).

GordonOverkill the Sneak (Vine Stalker Delver)       Turns: 132, Time: 00:00:27

Health: 0/16       AC:  3    Str: 14    XL:     2   Next: 16%
Magic:  0/3        EV: 11    Int: 10    God:
Gold:   45         SH:  0    Dex: 15    Spells: 1/1 levels left

rFire   . . .        a - +0 hand axe
rCold   . . .        (no shield)
rNeg    . . .        b - +0 leather armour
rPois   .            (no helmet)
rElec   .            (no cloak)
rCorr   .            (no gloves)
SInv    .            (no boots)
Will    .....        (no amulet)
Stlth   +++          (no ring)
HPRegen 0.22/turn    (no ring)
MPRegen 0.08/turn

%: guardian spirit
@: lethally poisoned (0 -> -3)
A: fangs 2, magic shield, antimagic bite, no potion heal 2
a: no special abilities


You were on level 6 of the Dungeon.
You visited 1 branch of the dungeon, and saw 2 of its levels.

You collected 45 gold pieces.

Inventory:

Hand Weapons
 a - a +0 hand axe (weapon)
Armour
 b - a +0 leather armour (worn)
Wands
 g - a wand of digging (3)
Scrolls
 c - a scroll of fog
 d - a scroll of revelation
 e - a scroll of fear
 h - a scroll of acquirement {unknown}
 i - a scroll of enchant weapon {unknown}
Potions
 f - a potion of haste


   Skills:
 - Level 2.6 Fighting
 + Level 2.5 Axes
 - Level 1.5 Dodging
 - Level 6.0 Stealth


You had one spell level left.
You didn't know any spells.
Your spell library was empty.

Dungeon Overview and Level Annotations

Branches:
Dungeon (6/15)
 Temple: D:4-7

Altars:

Annotations:
D:5 Grinder


Innate Abilities, Weirdness & Mutations

You have extremely sharp teeth.
When hurt, damage is shared between your health and your magic reserves.
Your bite disrupts and absorbs the magic of your enemies.
Potions cannot restore your health.


Message History

You hit the adder but do no damage. Your bite misses the adder.
The adder is lightly wounded.
You feel sick. The adder bites you.
You miss the adder.
The adder is lightly wounded.
You feel sick. The adder bites you. x2
* * * LOW HITPOINT WARNING * * *
You hit the adder. You bite the adder. You drain its power.
You feel invigorated.
The adder is severely wounded.
You feel sick.
You are no longer poisoned.
The adder bites you.
* * * LOW HITPOINT WARNING * * *
You barely miss the adder.
The adder is severely wounded.
The adder misses you. The adder barely misses you.
You closely miss the adder. Your bite misses the adder.
The adder is severely wounded.
The adder closely misses you.
You barely miss the adder. You bite the adder, but do no damage.
The adder is severely wounded.
The adder completely misses you. The adder bites you but does no damage.
You closely miss the adder. You bite the adder, but do no damage.
The adder is severely wounded.
The adder bites you.
* * * LOW HITPOINT WARNING * * *
You are lethally poisoned!
The adder poisons you!
You closely miss the adder.
The adder is severely wounded.
* * * LOW HITPOINT WARNING * * *
You feel sick. The adder bites you.
* * * LOW HITPOINT WARNING * * *
The adder closely misses you.
You barely miss the adder.
The adder is severely wounded.
* * * LOW HITPOINT WARNING * * *
You feel sick. The adder bites you.
You die...

#.. ### ## #.
############ ###.
.#.#.#S........... ..#.
.......@.# #.# #.#.
.<..##.#.# #.# #.#. .
...#.# #.# #.#. ..####.#
#.# #.#. ..#
#.#######.####.).
..######................
................#####..
################# #.#
#.#


You could see an adder.

Vanquished Creatures
  A gnoll (D:6)
1 creature vanquished.

Notes
Turn   | Place    | Note
-------+----------+-------------------------------------------
     0 | D:5      | GordonOverkill the Vine Stalker Delver began the quest for
                  | the Orb.
     0 | D:5      | Reached XP level 1. HP: 11/11 MP: 2/2
     1 | D:5      | Noticed Grinder
    10 | D:6      | Noticed a gnoll sergeant
    32 | D:6      | Reached XP level 2. HP: 5/16 MP: 1/3
   132 | D:6      | Slain by an adder

Illustrated notes

Levels and vault maps discovered:
D:5:      layout_basic, mainiacjoe_overflow_24_doors, grunt_ministairs_6,
          uniq_grinder
D:6:      layout_loops_ring, minitemple, serial_shops, shop, serial_rivers,
          chequers_serial_rivers_room_b, chequers_serial_rivers_large_a,
          chequers_serial_rivers_marsh, chequers_serial_rivers_room_b,
          chequers_serial_rivers_micro_a, grunt_ministairs_15,
          dreamdust_wishing_well, minmay_misc_feat_room

Skill      XL: |  1 |
---------------+----+-----
Axes           | 2 |  2.5
Fighting       | |  2.6
Dodging        | |  1.5
Stealth        | |  6.0

Action                     || total
---------------------------++-------
  Melee: Hand axe          ||    15
         Bite              ||     4
   Stab: Sleeping          ||     1
 Armour: Leather armour    ||     1
  Dodge: Dodged            ||     8

Table legend: (Time is in decaauts)
 A = Elapsed time spent in this place.
 B = Non-inter-level travel time spent in this place.
 C = Inter-level travel time spent in this place.
 D = Time resting spent in this place.
 E = Time spent auto-exploring this place.
 F = Levels seen in this place.
 G = Mean time per level.
                   A        B        C        D        E       F      G
               +--------+--------+--------+--------+--------+-----+--------+
         Total |    134 |    134 |      0 |     47 |      0 |   2 |   67.0 |
       Dungeon |    134 |    134 |      0 |     47 |      0 |   2 |   67.0 |
               +--------+--------+--------+--------+--------+-----+--------+

Top non-repeatable levels by time:
     D:6: 128 daAuts
     D:5: 6 daAuts
